 Dungeon Crawl Stone Soup version 0.27.1-1-g398f81649c (webtiles) character file.

Game seed: 17133096523054294533

381 wilberforce the Cudgeller (level 6, -10/56 HPs)
             Began as a Minotaur Fighter on Sept 10, 2021.
             Engulfed by a steam dragon's steam (17 damage)
             ... on level 4 of the Dungeon.
             The game lasted 00:07:17 (3759 turns).

wilberforce the Cudgeller (Minotaur Fighter)        Turns: 3759, Time: 00:07:17

Health: -10/56     AC:  7    Str: 21    XL:     6   Next: 46%
Magic:  5/5        EV:  7    Int:  5    God:
Gold:   119        SH: 11    Dex: 11    Spells: 5/5 levels left

rFire    . . .     SeeInvis .   a - +0 flail
rCold    . . .     Faith    .   c - +1 kite shield
rNeg     . . .     Spirit   .   b - +0 scale mail
rPois    .         Reflect  .   (helmet restricted)
rElec    .         Harm     .   (no cloak)
rCorr    .         Rampage  .   (no gloves)
Will     .....                  (no boots)
Stlth    ..........             (no amulet)
HPRegen  0.18/turn              (no ring)
MPRegen  0.09/turn              (no ring)

@: no status effects
A: horns 2, retaliatory headbutt
a: no special abilities


You were on level 4 of the Dungeon.
You visited 1 branch of the dungeon, and saw 4 of its levels.

You collected 119 gold pieces.

Inventory:

Hand Weapons
 a - a +0 flail (weapon)
Missiles
 i - 6 boomerangs (quivered)
Armour
 b - a +0 scale mail (worn)
 c - a +1 kite shield (worn)
Magical Staves
 e - a staff of cold
Wands
 h - a wand of iceblast (9)
Scrolls
 g - 2 scrolls of summoning
Potions
 d - 2 potions of might
 f - a potion of mutation {unknown}


   Skills:
 + Level 5.1 Fighting
 * Level 5.4 Maces & Flails
 + Level 5.1 Armour
 + Level 5.2 Shields


You had 5 spell levels left.
You didn't know any spells.
Your spell library contained the following spells:

 Spells                   Type           Power      Damage    Failure   Level
 Dazzling Flash           Conj/Hex       0%         N/A       100%        3
 Iskenderun's Mystic Bla  Conj/Tloc      0%         2d3       100%        4
 Starburst                Conj/Fire      0%         6d3       100%        6


Dungeon Overview and Level Annotations

Branches:
Dungeon (4/15)
 Temple: D:4-7

Altars:
Ru

Shops:
D:4 (

Annotations:
D:2 1 runed translucent door, Crazy Yiuf


Innate Abilities, Weirdness & Mutations

You have a pair of horns on your head.
You reflexively headbutt those who attack you in melee.


Message History

No target in view!
A steam dragon comes into view.
The steam dragon bites you! The steam dragon closely misses you.
You hit the steam dragon.
The steam dragon is lightly wounded.
The steam dragon breathes steam at you. The ball of steam hits you!
The steam dragon closely misses you.
The steam dragon claws you but does no damage.
You hit the steam dragon.
The steam dragon is lightly wounded.
You are engulfed in a cloud of scalding steam.
You block the steam dragon's attack.
The steam dragon claws you but does no damage.
You are too injured to fight recklessly!
You are too injured to fight recklessly!
You are too injured to fight recklessly!
You are too injured to fight recklessly!
You hit the steam dragon but do no damage.
The steam dragon is lightly wounded.
The steam dragon breathes steam at you. The ball of steam misses you.
You block the steam dragon's attack.
The steam dragon claws you but does no damage.
You closely miss the steam dragon.
You headbutt the steam dragon, but do no damage.
The steam dragon is lightly wounded.
You are engulfed in a cloud of scalding steam.
The steam dragon bites you but does no damage.
The steam dragon claws you but does no damage.
You hit the steam dragon.
The steam dragon is moderately wounded.
The steam dragon barely misses you. You block the steam dragon's attack.
You sock the steam dragon! You headbutt the steam dragon.
The steam dragon is severely wounded.
The steam dragon breathes steam at you. The ball of steam hits you!!
* * * LOW HITPOINT WARNING * * *
You hit the steam dragon.
The steam dragon is almost dead.
You are engulfed in a cloud of scalding steam.
You die...

#### #..# #..# #..#### #..##.#
*********###########..##.#
,,,,,,,,,.............##.########
,,,,,,,,,........§..............#
,,,,,,,,,......D@§§...........###
********,###....###..##..######
*,* #....* #......#
********,**#....* #..##..#
,,,,,,,,,,,+....* #..##..#
***,****,**#....* #.∩##..# *,*
*,* ###.####..##..## * #.* #.#
#............# * #.# #.#
#.####..##..##


You could see a steam dragon (catching breath).

Vanquished Creatures
  Menkaure (D:4)
  A water moccasin skeleton (D:4)
  Natasha (twice) (D:2)
  A hound skeleton (D:3)
  Robin (D:3)
  4 gnolls (D:3)
  An adder (D:3)
  2 adder skeletons
  2 dart slugs
  8 orcs (D:3)
  9 ball pythons
  6 endoplasms
  4 giant cockroaches
  7 hobgoblins
  A quokka (D:2)
  5 bats
  8 frilled lizards
  12 goblins
  8 kobolds
  5 rats
88 creatures vanquished.

Notes
Turn   | Place    | Note
-------+----------+-------------------------------------------
     0 | D:1      | wilberforce the Minotaur Fighter began the quest for the
                  | Orb.
     0 | D:1      | Reached XP level 1. HP: 19/19 MP: 0/0
   312 | D:1      | Reached XP level 2. HP: 27/27 MP: 1/1
   890 | D:1      | Found a faded altar of an unknown god.
  1181 | D:2      | Found a runed translucent door.
  1182 | D:2      | Noticed Crazy Yiuf
  1288 | D:2      | Reached XP level 3. HP: 33/33 MP: 2/2
  1642 | D:2      | Found a sacrificial altar of Ru.
  1657 | D:2      | Noticed Natasha
  1664 | D:2      | Killed Natasha
  1759 | D:2      | Noticed Natasha
  1761 | D:2      | Killed Natasha
  1762 | D:2      | Reached XP level 4. HP: 36/40 MP: 3/3
  2628 | D:3      | Reached XP level 5. HP: 46/47 MP: 4/4
  3181 | D:4      | Noticed Robin
  3185 | D:3      | Killed Robin
  3347 | D:4      | Reached XP level 6. HP: 48/55 MP: 5/5
  3426 | D:4      | Found Zoagg's Antique Weapon Shoppe.
  3426 | D:4      | Noticed Menkaure
  3437 | D:4      | Reached skill level 5 in Shields
  3443 | D:4      | Killed Menkaure
  3444 | D:4      | Reached skill level 5 in Fighting
  3444 | D:4      | Reached skill level 5 in Maces & Flails
  3444 | D:4      | Reached skill level 5 in Armour
  3747 | D:4      | Noticed a steam dragon
  3759 | D:4      | Engulfed by a steam dragon's steam

Illustrated notes

Levels and vault maps discovered:
D:1:      minmay_arrival_plants_in_alcoves, layout_loops_ring,
          shapermc_ecumenical_altar_mp_vishouse, grunt_decor_junction
D:2:      layout_loops_corners, basic_altar, uniq_crazy_yiuf_cottage,
          uniq_natasha
D:3:      layout_loops_ring, grunt_ministairs_13, st_stairs_10
D:4:      layout_basic, serial_shops, shop, minmay_quadrilaterals, uniq_robin,
          uniq_menkaure

Skill      XL: |  1  2  3  4  5  6 |
---------------+-------------------+-----
Armour         | 4 5 |  5.1
Fighting       | 4 5 |  5.1
Shields        | 4 5 |  5.2
Maces & Flails | 3 4 5 |  5.4

Action                   |  1- 3 |  4- 6 || total
-------------------------+-------+-------++-------
Melee: Flail             |    93 |   123 ||   216
       Headbutt          |    13 |    20 ||    33
  Use: Scroll            |     2 |     3 ||     5
Armor: Scale mail        |    40 |    49 ||    89
Dodge: Dodged            |    25 |    39 ||    64
Block: Kite shield       |    43 |    61 ||   104
